AoeStats
← ImTeso24TTV

Arena

510880805Analyzed
1v1 RM · 8h ago on Oct 3, 2026· 19m 49s· 2 players
Game mode
Random Map
Map size
Tiny (2 player)
Population
200
Speed
Normal
Resources
Standard
Victory
Conquest
Starting age
Dark Age
Ending age
Imperial Age
RankedLock teamsTeams togetherTeam positionsShared explorationLock speedFull tech treeHidden civsTurbo modeCheats
Victory
Defeat
🇨🇴 Japanese · Colombia
1250
+19
🇨🇴 Poles · Colombia
1307
-19
informessigma
10:30 Feudal Age
12:27 Loom
15:13 Castle Age
15:28 Light Cavalry
19:55 Wheelbarrow
ImTeso24TTV
11:12 Feudal Age
14:45 Castle Age
12:39 Double-Bit Axe
12:55 Horse Collar
15:07 Light Cavalry
15:48 Husbandry
16:41 Bow Saw
Connection lost

Rejoining the realm…

Still unreachable

The connection could not be restored.

Session expired

The server has moved on; the page needs a fresh start.